Pick #1

Connor Bedard
Pick #2

Leo Carlsson
Pick #3

Adam Fantilli
Pick #4

Matvei Michkov
Pick #5

David Reinbacher
Pick #6

William Smith
Pick #7

Zachary Benson
Pick #8

Ryan Leonard
Pick #9

Gabriel Perreault
Pick #10

Axel Sandin-Pellika
Pick #11

Daniil But
Pick #12

Dalibor Dvorsky
Pick #13

Quentin Musty
Pick #14

Brayden Yager
Pick #15

Dmitry Simashev
Pick #16

Colby Barlow
Pick #17

Andrew Cristall
Pick #18

Easton Cowan
Pick #19

Jacob Fowler
Pick #20

Oliver Moore
Pick #21

Oliver Bonk
Pick #22

Tom Willander
Pick #23

Calum Ritchie
Pick #24

Tanner Molendyk
Pick #25

Gavin Brindley
Pick #26

Nate Danielson
Pick #27

Pick #28

Pick #29

Pick #30

Pick #31

Pick #32

Pick #33

Pick #34

Pick #35

Pick #36

Pick #37

Pick #38

Pick #39

Pick #40

Pick #41

Pick #42

Pick #43

Pick #44

Pick #45

Pick #46

Pick #47

Pick #48

Pick #49

Pick #50

Pick #51

Pick #52

Pick #53

Pick #54

Pick #55

Pick #56

Pick #57

Pick #58

Pick #59

Pick #60

Pick #61

Pick #62

Pick #63

Pick #64

Pick #65

Pick #66

Pick #67

Pick #68

Pick #69

Pick #70

Pick #71

Pick #72

Pick #73

Pick #74

Pick #75

Pick #76

Pick #77

Pick #78

Pick #79

Pick #80

Pick #81

Pick #82

Pick #83

Pick #84

Pick #85

Pick #86

Pick #87

Pick #88

Pick #89

Pick #90

Pick #91

Pick #92

Pick #93

Pick #94

Pick #95

Pick #96

Pick #97

Pick #98

Pick #99

Pick #100

Pick #101

Pick #102

Pick #103

Pick #104

Pick #105

Pick #106

Pick #107

Pick #108

Pick #109

Pick #110

Pick #111

Pick #112

Pick #113

Pick #114

Pick #115

Pick #116

Pick #117

Pick #118

Pick #119

Pick #120

Pick #121

Pick #122

Pick #123

Pick #124

Pick #125

Pick #126

Pick #127

Pick #128

Pick #129

Pick #130

Full Scoreboard »»

Capitals vs RedWings

Created - December 13, 2023 at 23:32

Goals
1 2 3 T
Capitals 1 1 0 2
RedWings 0 1 0 1
Shots
1 2 3 T
Capitals 9 9 16 34
RedWings 15 6 6 27

GoalsPenalties
1st period
1. Capitals , Michael Rasmussen 8 (Tyler Johnson 4) at 19:24
David Kampf (WSH) for Hooking (Minor) at 6:13
Cody Ceci (WSH) for Interference (Minor) at 12:44
2nd period
2. RedWings , Mark Scheifele 7 (David Perron 8, Erik Karlsson 19) at 3:27
3. Capitals , Michael Rasmussen 9 (Jonas Siegenthaler 13, Quinton Byfield 5) at 4:55 (PP)
Ryan Murray (DET) for Tripping (Minor) at 3:50
Derick Brassard (DET) for Interference (Minor) at 12:20
3rd period
No Goal
Drew Doughty (DET) for Hooking (Minor) at 5:02
Elias Pettersson (WSH) for Hooking (Minor) at 13:01
Goalie Stats
Pyotr Kochetkov (WSH), 26 saves from 27 shots - (0.963), W, 5-11-3, 60:00 minutes
Adin Hill (DET), 32 saves from 34 shots - (0.941), L, 10-5-1, 59:11 minutes
3 StarsOfficial
1 - Michael Rasmussen (WSH)
2 - Pyotr Kochetkov (WSH)
3 - Adin Hill (DET)
Referees : Brandon Schrader and Adam Bloski
Linesman : Shaun Morgan and Ryan Gibbons
Game Note
No Game Note
Finance
Level 1 -- Attendance: 6322 (97.26%) -- Ticket Income $758,640
Level 2 -- Attendance: 4393 (87.86%) -- Ticket Income $351,440
Level 3 -- Attendance: 3386 (96.74%) -- Ticket Income $237,020
Level 4 -- Attendance: 2866 (71.17%) -- Ticket Income $100,310
Luxury Box -- Attendance: 909 (90.90%) -- Ticket Income $199,980
Game was played at the Joe Louis Arena.
Total Attendance: 17876 (89.26%)
Total Ticket Income: $1,647,390
Other Income: $411,848
Total Income: $2,059,238



Team Name Goals Shots Shots Attemp Shots Blocked PIM HIT PP PK FO%
Capitals 2346676141 / 3 (33%)050%
RedWings 1276086160 / 3 (0%)150%

Capitals
Player Name POS G A P +/- PIM HIT SHT SB MP PP MP PP SHT PK MP PK SHT FO% FOT
Alex ChiassonRW000000000:000:0000:0000% 0
Ben HuttonD0000000119:493:0703:3000% 0
Brad HuntD0000001021:521:5612:5900% 0
Cody CeciD0000214024:433:0732:0000% 0
David KampfC0000201114:010:0000:5000% 0
Elias PetterssonC000-1203122:512:1512:28056% 25
Jonas SiegenthalerD0110041321:271:5613:2000% 0
Jordan GreenwayLW0000002018:402:1500:000100% 1
Kaapo KakkoRW000-1003022:512:2102:2100% 0
Kevin LabancRW0000002016:250:0000:0000% 0
Matias MaccelliLW000-1031019:170:0001:08025% 4
Michael RasmussenC2021002013:392:4811:30060% 15
Morgan FrostC000000605:320:2710:0000% 0
Noah DobsonD0000031118:560:0000:0500% 0
Pavel ZachaC0000012016:250:0000:00030% 10
Quinton ByfieldC0111024017:142:4800:00033% 6
Tyler JohnsonC0111000015:132:1503:37050% 10
Vinnie HinostrozaC000000105:050:0000:000100% 1
RedWings
Player Name POS G A P +/- PIM HIT SHT SB MP PP MP PP SHT PK MP PK SHT FO% FOT
Brayden SchennC000-1023019:152:3701:31059% 22
David PerronLW0111002022:343:2001:26050% 4
Denis GurianovRW0000000012:150:0000:00011% 9
Derick BrassardC0001201115:040:0000:000100% 1
Drew DoughtyD000-1222020:552:3721:2500% 0
Erik KarlssonD0111011225:403:2003:2700% 0
Evgenii DadonovRW0000002019:123:2013:370100% 1
John CarlsonD0001043423:493:2032:2600% 0
Mark ScheifeleC1011006018:523:2000:27064% 25
Nick CousinsC0000010116:150:0000:00033% 3
Nick FolignoLW0000040012:510:0000:000100% 1
Nikita AlexandrovC000000006:450:0000:0000% 0
Parker KellyLW000000000:120:0000:0000% 0
Phillip Di GiuseppeLW000-1001017:322:3700:0000% 2
Ryan HartmanRW000-1004020:372:3713:0500% 4
Ryan MurrayD0000222017:562:3702:0700% 0
Spencer StastneyD000-1000018:250:0000:4100% 0
Stefan NoesenRW000000006:450:0000:0000% 0



Play-by-Play

1st period


0:01 of 1st period - Mark Scheifele wins face-off versus Elias Pettersson in neutral zone.
0:01 of 1st period - John Carlson is hit by Matias Maccelli and loses puck.
1:19 of 1st period - Shot by Brayden Schenn.
1:19 of 1st period - Shot Misses the Net.
1:44 of 1st period - Off-side.
1:45 of 1st period - Michael Rasmussen wins face-off versus Denis Gurianov in neutral zone.
1:48 of 1st period - Shot by Michael Rasmussen.
1:48 of 1st period - Shot Blocked by Nick Cousins.
2:10 of 1st period - Shot by Evgenii Dadonov.
2:10 of 1st period - Shot Misses the Net.
2:12 of 1st period - Shot by Nick Foligno.
2:12 of 1st period - Deflect By Evgenii Dadonov.
2:12 of 1st period - Stopped by Pyotr Kochetkov with a rebound.
2:42 of 1st period - Icing by Michael Rasmussen.
2:43 of 1st period - Brayden Schenn wins face-off versus Michael Rasmussen in Capitals zone.
3:00 of 1st period - Shot by Brayden Schenn.
3:00 of 1st period - Shot Blocked by David Kampf.
3:32 of 1st period - Shot by Kevin Labanc.
3:32 of 1st period - Stopped by Adin Hill without a rebound.
3:33 of 1st period - Elias Pettersson wins face-off versus Mark Scheifele in RedWings zone.
3:36 of 1st period - Shot by Matias Maccelli.
3:36 of 1st period - Shot Misses the Net.
4:04 of 1st period - Shot by David Perron.
4:04 of 1st period - Shot Misses the Net.
4:06 of 1st period - Shot by Mark Scheifele.
4:06 of 1st period - Shot Misses the Net.
4:08 of 1st period - Shot by Ryan Murray.
4:08 of 1st period - Stopped by Pyotr Kochetkov with a rebound.
5:38 of 1st period - Shot by Morgan Frost.
5:38 of 1st period - Stopped by Adin Hill without a rebound.
5:39 of 1st period - Michael Rasmussen wins face-off versus Mark Scheifele in RedWings zone.
5:50 of 1st period - Shot by Mark Scheifele.
5:50 of 1st period - Stopped by Pyotr Kochetkov with a rebound.
6:02 of 1st period - Shot by Mark Scheifele.
6:02 of 1st period - Stopped by Pyotr Kochetkov without a rebound.
6:03 of 1st period - Brayden Schenn wins face-off versus Elias Pettersson in Capitals zone.
6:13 of 1st period - Minor Penalty to David Kampf for Hooking.
6:14 of 1st period - Tyler Johnson wins face-off versus Mark Scheifele in Capitals zone.
7:15 of 1st period - Icing by Drew Doughty.
7:16 of 1st period - Tyler Johnson wins face-off versus Brayden Schenn in RedWings zone.
7:37 of 1st period - Shot by Drew Doughty.
7:37 of 1st period - Stopped by Pyotr Kochetkov without a rebound.
7:38 of 1st period - Mark Scheifele wins face-off versus Michael Rasmussen in Capitals zone.
7:39 of 1st period - Shot by Erik Karlsson.
7:39 of 1st period - Shot Misses the Net.
7:41 of 1st period - Shot by Erik Karlsson.
7:41 of 1st period - Shot Misses the Net.
7:43 of 1st period - Shot by John Carlson.
7:43 of 1st period - Stopped by Pyotr Kochetkov with a rebound.
7:45 of 1st period - Shot by John Carlson.
7:45 of 1st period - Stopped by Pyotr Kochetkov without a rebound.
7:46 of 1st period - Brayden Schenn wins face-off versus Tyler Johnson in Capitals zone.
8:24 of 1st period - Icing by Jordan Greenway.
8:25 of 1st period - Mark Scheifele wins face-off versus Pavel Zacha in Capitals zone.
8:44 of 1st period - Shot by Kevin Labanc.
8:44 of 1st period - Shot Misses the Net.
8:50 of 1st period - Shot by Pavel Zacha.
8:50 of 1st period - Shot Blocked by Derick Brassard.
8:52 of 1st period - Shot by Cody Ceci.
8:52 of 1st period - Shot Misses the Net.
8:54 of 1st period - Shot by Cody Ceci.
8:54 of 1st period - Stopped by Adin Hill with a rebound.
8:56 of 1st period - Shot by Jordan Greenway.
8:56 of 1st period - Stopped by Adin Hill without a rebound.
8:57 of 1st period - Nick Cousins wins face-off versus Elias Pettersson in RedWings zone.
9:21 of 1st period - Icing by Elias Pettersson.
9:22 of 1st period - Elias Pettersson wins face-off versus Brayden Schenn in Capitals zone.
9:30 of 1st period - Off-side.
9:31 of 1st period - Pavel Zacha wins face-off versus Mark Scheifele in neutral zone.
10:09 of 1st period - Shot by Mark Scheifele.
10:09 of 1st period - Stopped by Pyotr Kochetkov without a rebound.
10:10 of 1st period - Brayden Schenn wins face-off versus Elias Pettersson in Capitals zone.
10:17 of 1st period - Shot by Phillip Di Giuseppe.
10:17 of 1st period - Stopped by Pyotr Kochetkov without a rebound.
10:18 of 1st period - Brayden Schenn wins face-off versus Elias Pettersson in Capitals zone.
10:21 of 1st period - Shot by Ryan Hartman.
10:21 of 1st period - Shot Blocked by Jonas Siegenthaler.
10:43 of 1st period - Shot by Brayden Schenn.
10:43 of 1st period - Shot Hit the Post.
10:57 of 1st period - Shot by Ryan Hartman.
10:57 of 1st period - Deflect By Brayden Schenn.
10:57 of 1st period - Stopped by Pyotr Kochetkov without a rebound.
10:58 of 1st period - Mark Scheifele wins face-off versus Quinton Byfield in Capitals zone.
11:32 of 1st period - Shot by Morgan Frost.
11:32 of 1st period - Stopped by Adin Hill without a rebound.
11:33 of 1st period - Evgenii Dadonov wins face-off versus Pavel Zacha in RedWings zone.
12:02 of 1st period - Denis Gurianov is hit by Noah Dobson and loses puck.
12:06 of 1st period - Nick Foligno is hit by Noah Dobson and loses puck.
12:15 of 1st period - Shot by Evgenii Dadonov.
12:15 of 1st period - Shot Blocked by Noah Dobson.
12:34 of 1st period - Ryan Hartman is hit by Noah Dobson and loses puck.
12:44 of 1st period - Minor Penalty to Cody Ceci for Interference.
12:45 of 1st period - Mark Scheifele wins face-off versus Tyler Johnson in Capitals zone.
13:16 of 1st period - Shot by John Carlson.
13:16 of 1st period - Stopped by Pyotr Kochetkov without a rebound.
13:17 of 1st period - Brayden Schenn wins face-off versus Tyler Johnson in Capitals zone.
13:20 of 1st period - Shot by Drew Doughty.
13:20 of 1st period - Shot Misses the Net.
13:22 of 1st period - Shot by Ryan Murray.
13:22 of 1st period - Shot Misses the Net.
13:24 of 1st period - Shot by Drew Doughty.
13:24 of 1st period - Stopped by Pyotr Kochetkov without a rebound.
13:25 of 1st period - Tyler Johnson wins face-off versus Brayden Schenn in Capitals zone.
13:48 of 1st period - Shot by Ryan Hartman.
13:48 of 1st period - Stopped by Pyotr Kochetkov without a rebound.
13:49 of 1st period - Mark Scheifele wins face-off versus Michael Rasmussen in Capitals zone.
13:49 of 1st period - Erik Karlsson is hit by Jonas Siegenthaler and loses puck.
14:02 of 1st period - Shot by John Carlson.
14:02 of 1st period - Shot Misses the Net.
14:04 of 1st period - Shot by David Perron.
14:04 of 1st period - Deflect By Mark Scheifele.
14:04 of 1st period - Shot Blocked by Jonas Siegenthaler.
14:24 of 1st period - Shot by Evgenii Dadonov.
14:24 of 1st period - Shot Misses the Net.
14:26 of 1st period - Shot by John Carlson.
14:26 of 1st period - Shot Blocked by Ben Hutton.
15:13 of 1st period - Shot by Morgan Frost.
15:13 of 1st period - Stopped by Adin Hill without a rebound.
15:14 of 1st period - Jordan Greenway wins face-off versus Brayden Schenn in RedWings zone.
15:14 of 1st period - Jordan Greenway is hit by Nick Cousins.
15:40 of 1st period - Shot by Brayden Schenn.
15:40 of 1st period - Stopped by Pyotr Kochetkov with a rebound.
16:22 of 1st period - Shot by Elias Pettersson.
16:22 of 1st period - Stopped by Adin Hill with a rebound.
16:24 of 1st period - Shot by David Kampf.
16:24 of 1st period - Shot Blocked by John Carlson.
16:26 of 1st period - Shot by David Kampf.
16:26 of 1st period - Shot Blocked by John Carlson.
16:28 of 1st period - Shot by Kaapo Kakko.
16:28 of 1st period - Shot Misses the Net.
16:30 of 1st period - Shot by Matias Maccelli.
16:30 of 1st period - Shot Misses the Net.
17:13 of 1st period - Icing by Brad Hunt.
17:14 of 1st period - Denis Gurianov wins face-off versus Michael Rasmussen in Capitals zone.
17:14 of 1st period - Nick Foligno is hit by Jonas Siegenthaler and loses puck.
17:22 of 1st period - Drew Doughty is hit by Jonas Siegenthaler and loses puck.
17:39 of 1st period - Shot by Nick Foligno.
17:39 of 1st period - Shot Misses the Net.
18:01 of 1st period - Shot by Pavel Zacha.
18:01 of 1st period - Shot Hit the Post.
18:55 of 1st period - Shot by Phillip Di Giuseppe.
18:55 of 1st period - Deflect By Ryan Hartman.
18:55 of 1st period - Stopped by Pyotr Kochetkov without a rebound.
18:56 of 1st period - Mark Scheifele wins face-off versus Elias Pettersson in Capitals zone.
19:04 of 1st period - Icing by David Kampf.
19:05 of 1st period - Mark Scheifele wins face-off versus Matias Maccelli in Capitals zone.
19:16 of 1st period - Ben Hutton is hit by John Carlson.
19:22 of 1st period - Shot by Matias Maccelli.
19:22 of 1st period - Stopped by Adin Hill without a rebound.
19:23 of 1st period - Michael Rasmussen wins face-off versus Phillip Di Giuseppe in RedWings zone.
19:24 of 1st period - Shot by Tyler Johnson.
19:24 of 1st period - Deflect By Michael Rasmussen.
19:24 of 1st period - Goal by Michael Rasmussen - Capitals : 1 - RedWings : 0.
19:25 of 1st period - Elias Pettersson wins face-off versus Nick Cousins in neutral zone.
Goals for this period are 1 for Capitals vs 0 for RedWings.
Shots for this period are 9 for Capitals vs 15 for RedWings.

2nd period


0:01 of 2nd period - Elias Pettersson wins face-off versus Mark Scheifele in neutral zone.
1:02 of 2nd period - Off-side.
1:03 of 2nd period - Pavel Zacha wins face-off versus Phillip Di Giuseppe in neutral zone.
1:34 of 2nd period - Shot by Pavel Zacha.
1:34 of 2nd period - Stopped by Adin Hill without a rebound.
1:35 of 2nd period - Michael Rasmussen wins face-off versus Denis Gurianov in RedWings zone.
1:38 of 2nd period - Shot by Tyler Johnson.
1:38 of 2nd period - Shot Misses the Net.
1:56 of 2nd period - Icing by Michael Rasmussen.
1:57 of 2nd period - Mark Scheifele wins face-off versus Michael Rasmussen in Capitals zone.
1:57 of 2nd period - Erik Karlsson is hit by Cody Ceci and loses puck.
2:20 of 2nd period - Shot by David Perron.
2:20 of 2nd period - Stopped by Pyotr Kochetkov without a rebound.
2:21 of 2nd period - Brayden Schenn wins face-off versus Elias Pettersson in Capitals zone.
3:27 of 2nd period - Shot by Mark Scheifele.
3:27 of 2nd period - Goal by Mark Scheifele - Capitals : 1 - RedWings : 1.
3:28 of 2nd period - Michael Rasmussen wins face-off versus Denis Gurianov in neutral zone.
3:46 of 2nd period - Evgenii Dadonov is hit by Quinton Byfield and loses puck.
3:50 of 2nd period - Minor Penalty to Ryan Murray for Tripping.
3:51 of 2nd period - Tyler Johnson wins face-off versus Ryan Hartman in RedWings zone.
3:56 of 2nd period - Shot by Elias Pettersson.
3:56 of 2nd period - Shot Misses the Net.
4:51 of 2nd period - Shot by Quinton Byfield.
4:51 of 2nd period - Shot Misses the Net.
4:53 of 2nd period - Shot by Jonas Siegenthaler.
4:53 of 2nd period - Stopped by Adin Hill with a rebound.
4:55 of 2nd period - Shot by Michael Rasmussen.
4:55 of 2nd period - Goal by Michael Rasmussen - Capitals : 2 - RedWings : 1.
4:56 of 2nd period - David Perron wins face-off versus Pavel Zacha in neutral zone.
6:10 of 2nd period - Icing by Stefan Noesen.
6:11 of 2nd period - Elias Pettersson wins face-off versus David Perron in RedWings zone.
6:42 of 2nd period - Shot by Elias Pettersson.
6:42 of 2nd period - Shot Misses the Net.
6:44 of 2nd period - Shot by Kaapo Kakko.
6:44 of 2nd period - Stopped by Adin Hill with a rebound.
8:36 of 2nd period - Shot by Jordan Greenway.
8:36 of 2nd period - Shot Misses the Net.
8:39 of 2nd period - Icing by Spencer Stastney.
8:40 of 2nd period - Elias Pettersson wins face-off versus Denis Gurianov in RedWings zone.
8:43 of 2nd period - Shot by Kaapo Kakko.
8:43 of 2nd period - Shot Misses the Net.
10:21 of 2nd period - Shot by Jordan Greenway.
10:21 of 2nd period - Stopped by Adin Hill without a rebound.
10:22 of 2nd period - Brayden Schenn wins face-off versus Quinton Byfield in RedWings zone.
11:00 of 2nd period - Shot by Quinton Byfield.
11:00 of 2nd period - Shot Misses the Net.
11:02 of 2nd period - Shot by Cody Ceci.
11:02 of 2nd period - Shot Blocked by John Carlson.
11:04 of 2nd period - Shot by Noah Dobson.
11:04 of 2nd period - Stopped by Adin Hill without a rebound.
11:05 of 2nd period - Pavel Zacha wins face-off versus Mark Scheifele in RedWings zone.
11:25 of 2nd period - Shot by David Perron.
11:25 of 2nd period - Shot Misses the Net.
11:29 of 2nd period - Shot by Mark Scheifele.
11:29 of 2nd period - Stopped by Pyotr Kochetkov with a rebound.
11:31 of 2nd period - Shot by Derick Brassard.
11:31 of 2nd period - Stopped by Pyotr Kochetkov without a rebound.
11:32 of 2nd period - Elias Pettersson wins face-off versus Denis Gurianov in Capitals zone.
11:32 of 2nd period - Kaapo Kakko is hit by Nick Foligno and loses puck.
11:59 of 2nd period - Shot by Kaapo Kakko.
11:59 of 2nd period - Stopped by Adin Hill with a rebound.
12:20 of 2nd period - Minor Penalty to Derick Brassard for Interference.
12:21 of 2nd period - Michael Rasmussen wins face-off versus Ryan Hartman in RedWings zone.
13:55 of 2nd period - Shot by Cody Ceci.
13:55 of 2nd period - Shot Misses the Net.
14:01 of 2nd period - Shot by Michael Rasmussen.
14:01 of 2nd period - Shot Misses the Net.
14:09 of 2nd period - Shot by Quinton Byfield.
14:09 of 2nd period - Deflect By Morgan Frost.
14:09 of 2nd period - Stopped by Adin Hill without a rebound.
14:10 of 2nd period - Tyler Johnson wins face-off versus Brayden Schenn in RedWings zone.
15:02 of 2nd period - Icing by Drew Doughty.
15:03 of 2nd period - Vinnie Hinostroza wins face-off versus Nick Cousins in RedWings zone.
15:06 of 2nd period - Shot by Quinton Byfield.
15:06 of 2nd period - Stopped by Adin Hill without a rebound.
15:07 of 2nd period - Mark Scheifele wins face-off versus Elias Pettersson in RedWings zone.
15:39 of 2nd period - Shot by Mark Scheifele.
15:39 of 2nd period - Stopped by Pyotr Kochetkov without a rebound.
15:40 of 2nd period - Michael Rasmussen wins face-off versus Brayden Schenn in Capitals zone.
16:14 of 2nd period - Icing by Nick Cousins.
16:15 of 2nd period - Matias Maccelli wins face-off versus Brayden Schenn in RedWings zone.
16:15 of 2nd period - Matias Maccelli is hit by Ryan Murray.
16:41 of 2nd period - Icing by Ryan Hartman.
16:42 of 2nd period - Brayden Schenn wins face-off versus Pavel Zacha in RedWings zone.
16:42 of 2nd period - Brayden Schenn is hit by Pavel Zacha.
17:29 of 2nd period - Shot by David Perron.
17:29 of 2nd period - Shot Misses the Net.
17:31 of 2nd period - Shot by Erik Karlsson.
17:31 of 2nd period - Stopped by Pyotr Kochetkov without a rebound.
17:32 of 2nd period - Elias Pettersson wins face-off versus Denis Gurianov in Capitals zone.
18:04 of 2nd period - Noah Dobson is hit by Nick Foligno and loses puck.
18:24 of 2nd period - Off-side.
18:25 of 2nd period - Mark Scheifele wins face-off versus Michael Rasmussen in neutral zone.
19:02 of 2nd period - Shot by David Perron.
19:02 of 2nd period - Shot Misses the Net.
19:52 of 2nd period - Pavel Zacha is hit by Ryan Murray and loses puck.
Goals for this period are 1 for Capitals vs 1 for RedWings.
Shots for this period are 9 for Capitals vs 6 for RedWings.

3rd period


0:01 of 3rd period - Mark Scheifele wins face-off versus Matias Maccelli in neutral zone.
0:21 of 3rd period - Matias Maccelli is hit by John Carlson and loses puck.
0:56 of 3rd period - Erik Karlsson is hit by Quinton Byfield and loses puck.
1:01 of 3rd period - Shot by Quinton Byfield.
1:01 of 3rd period - Stopped by Adin Hill without a rebound.
1:02 of 3rd period - Brayden Schenn wins face-off versus Pavel Zacha in RedWings zone.
1:40 of 3rd period - Shot by Ryan Hartman.
1:40 of 3rd period - Stopped by Pyotr Kochetkov with a rebound.
1:42 of 3rd period - Shot by Phillip Di Giuseppe.
1:42 of 3rd period - Shot Misses the Net.
1:55 of 3rd period - Kevin Labanc is hit by Nick Foligno.
2:02 of 3rd period - Icing by Ryan Murray.
2:03 of 3rd period - Elias Pettersson wins face-off versus Denis Gurianov in RedWings zone.
3:20 of 3rd period - John Carlson is hit by Jonas Siegenthaler and loses puck.
3:25 of 3rd period - Shot by Mark Scheifele.
3:25 of 3rd period - Shot Blocked by Jonas Siegenthaler.
4:15 of 3rd period - Shot by Pavel Zacha.
4:15 of 3rd period - Stopped by Adin Hill with a rebound.
4:17 of 3rd period - Shot by Kevin Labanc.
4:17 of 3rd period - Shot Misses the Net.
4:19 of 3rd period - Shot by Pavel Zacha.
4:19 of 3rd period - Shot Misses the Net.
4:39 of 3rd period - Ben Hutton is hit by Drew Doughty.
4:57 of 3rd period - Icing by Drew Doughty.
4:58 of 3rd period - Elias Pettersson wins face-off versus Brayden Schenn in RedWings zone.
5:02 of 3rd period - Minor Penalty to Drew Doughty for Hooking.
5:03 of 3rd period - Michael Rasmussen wins face-off versus Mark Scheifele in RedWings zone.
6:19 of 3rd period - Shot by Brad Hunt.
6:19 of 3rd period - Stopped by Adin Hill without a rebound.
6:20 of 3rd period - Michael Rasmussen wins face-off versus Ryan Hartman in RedWings zone.
6:27 of 3rd period - Shot by Quinton Byfield.
6:27 of 3rd period - Shot Misses the Net.
6:29 of 3rd period - Shot by Michael Rasmussen.
6:29 of 3rd period - Shot Blocked by Erik Karlsson.
6:31 of 3rd period - Shot by Cody Ceci.
6:31 of 3rd period - Stopped by Adin Hill with a rebound.
6:33 of 3rd period - Shot by Cody Ceci.
6:33 of 3rd period - Shot Blocked by Erik Karlsson.
6:45 of 3rd period - Shot by Kaapo Kakko.
6:45 of 3rd period - Shot Misses the Net.
6:47 of 3rd period - Shot by Cody Ceci.
6:47 of 3rd period - Stopped by Adin Hill with a rebound.
6:49 of 3rd period - Shot by Cody Ceci.
6:49 of 3rd period - Stopped by Adin Hill with a rebound.
7:01 of 3rd period - Shot by Elias Pettersson.
7:01 of 3rd period - Stopped by Adin Hill without a rebound.
7:02 of 3rd period - Derick Brassard wins face-off versus Pavel Zacha in RedWings zone.
7:14 of 3rd period - Icing by Cody Ceci.
7:15 of 3rd period - David Perron wins face-off versus Pavel Zacha in Capitals zone.
7:24 of 3rd period - Shot by David Perron.
7:24 of 3rd period - Shot Misses the Net.
7:26 of 3rd period - Shot by David Perron.
7:26 of 3rd period - Stopped by Pyotr Kochetkov with a rebound.
8:16 of 3rd period - Icing by David Perron.
8:17 of 3rd period - Quinton Byfield wins face-off versus David Perron in RedWings zone.
8:18 of 3rd period - Shot by Morgan Frost.
8:18 of 3rd period - Stopped by Adin Hill without a rebound.
8:19 of 3rd period - Nick Foligno wins face-off versus Elias Pettersson in RedWings zone.
8:37 of 3rd period - Icing by Jonas Siegenthaler.
8:38 of 3rd period - Brayden Schenn wins face-off versus Elias Pettersson in Capitals zone.
8:41 of 3rd period - Shot by Phillip Di Giuseppe.
8:41 of 3rd period - Shot Blocked by Elias Pettersson.
8:47 of 3rd period - Shot by Ryan Hartman.
8:47 of 3rd period - Stopped by Pyotr Kochetkov without a rebound.
8:48 of 3rd period - Brayden Schenn wins face-off versus Quinton Byfield in Capitals zone.
8:49 of 3rd period - Shot by Erik Karlsson.
8:49 of 3rd period - Shot Misses the Net.
8:58 of 3rd period - Quinton Byfield is hit by John Carlson and loses puck.
9:06 of 3rd period - Quinton Byfield is hit by John Carlson and loses puck.
9:11 of 3rd period - Shot by Quinton Byfield.
9:11 of 3rd period - Shot Misses the Net.
9:13 of 3rd period - Shot by Quinton Byfield.
9:13 of 3rd period - Shot Misses the Net.
9:15 of 3rd period - Shot by David Kampf.
9:15 of 3rd period - Shot Blocked by John Carlson.
9:29 of 3rd period - Shot by Morgan Frost.
9:29 of 3rd period - Stopped by Adin Hill without a rebound.
9:30 of 3rd period - Mark Scheifele wins face-off versus Matias Maccelli in RedWings zone.
10:37 of 3rd period - Jonas Siegenthaler is hit by Erik Karlsson and loses puck.
11:13 of 3rd period - Shot by Evgenii Dadonov.
11:13 of 3rd period - Shot Misses the Net.
12:00 of 3rd period - Shot by Tyler Johnson.
12:00 of 3rd period - Shot Misses the Net.
12:02 of 3rd period - Shot by David Kampf.
12:02 of 3rd period - Stopped by Adin Hill without a rebound.
12:03 of 3rd period - Elias Pettersson wins face-off versus Brayden Schenn in RedWings zone.
12:08 of 3rd period - Shot by Matias Maccelli.
12:08 of 3rd period - Shot Misses the Net.
12:10 of 3rd period - Shot by Elias Pettersson.
12:10 of 3rd period - Stopped by Adin Hill without a rebound.
12:11 of 3rd period - Elias Pettersson wins face-off versus Mark Scheifele in RedWings zone.
12:22 of 3rd period - Shot by Kaapo Kakko.
12:22 of 3rd period - Stopped by Adin Hill without a rebound.
12:23 of 3rd period - Quinton Byfield wins face-off versus Ryan Hartman in RedWings zone.
12:46 of 3rd period - Shot by Quinton Byfield.
12:46 of 3rd period - Shot Misses the Net.
12:48 of 3rd period - Shot by Quinton Byfield.
12:48 of 3rd period - Stopped by Adin Hill with a rebound.
12:50 of 3rd period - Shot by Vinnie Hinostroza.
12:50 of 3rd period - Stopped by Adin Hill without a rebound.
12:51 of 3rd period - Mark Scheifele wins face-off versus Elias Pettersson in RedWings zone.
12:59 of 3rd period - Derick Brassard is hit by Matias Maccelli and loses puck.
13:01 of 3rd period - Minor Penalty to Elias Pettersson for Hooking.
13:02 of 3rd period - Brayden Schenn wins face-off versus Tyler Johnson in Capitals zone.
13:03 of 3rd period - Shot by Phillip Di Giuseppe.
13:03 of 3rd period - Shot Misses the Net.
13:27 of 3rd period - Jonas Siegenthaler is hit by Brayden Schenn and loses puck.
13:32 of 3rd period - Shot by Ryan Hartman.
13:32 of 3rd period - Shot Misses the Net.
13:34 of 3rd period - Shot by Ryan Hartman.
13:34 of 3rd period - Shot Misses the Net.
14:09 of 3rd period - John Carlson is hit by Matias Maccelli and loses puck.
14:18 of 3rd period - Shot by Evgenii Dadonov.
14:18 of 3rd period - Stopped by Pyotr Kochetkov without a rebound.
14:19 of 3rd period - Mark Scheifele wins face-off versus Tyler Johnson in Capitals zone.
14:58 of 3rd period - Ben Hutton is hit by Brayden Schenn and loses puck.
15:31 of 3rd period - Shot by Nick Cousins.
15:31 of 3rd period - Deflect By Nikita Alexandrov.
15:31 of 3rd period - Shot Misses the Net.
16:20 of 3rd period - Shot by Brayden Schenn.
16:20 of 3rd period - Stopped by Pyotr Kochetkov with a rebound.
16:32 of 3rd period - Icing by Jonas Siegenthaler.
16:33 of 3rd period - Mark Scheifele wins face-off versus Quinton Byfield in Capitals zone.
16:46 of 3rd period - Shot by Derick Brassard.
16:46 of 3rd period - Shot Misses the Net.
16:48 of 3rd period - Shot by Mark Scheifele.
16:48 of 3rd period - Shot Misses the Net.
16:50 of 3rd period - Shot by Ryan Murray.
16:50 of 3rd period - Stopped by Pyotr Kochetkov without a rebound.
16:51 of 3rd period - Elias Pettersson wins face-off versus Denis Gurianov in Capitals zone.
16:51 of 3rd period - Kaapo Kakko is hit by Nick Foligno.
17:58 of 3rd period - Shot by Kevin Labanc.
17:58 of 3rd period - Stopped by Adin Hill with a rebound.
18:47 of 3rd period - Tyler Johnson is hit by Drew Doughty and loses puck.
18:58 of 3rd period - Shot by Quinton Byfield.
18:58 of 3rd period - Stopped by Adin Hill without a rebound.
18:59 of 3rd period - Elias Pettersson wins face-off versus Mark Scheifele in RedWings zone.
19:11 of 3rd period - RedWings, Adin Hill is pulled from the net.
19:39 of 3rd period - Shot by Derick Brassard.
19:39 of 3rd period - Shot Misses the Net.
Goals for this period are 0 for Capitals vs 0 for RedWings.
Shots for this period are 16 for Capitals vs 6 for RedWings.